[Event "18th Charleroi Open-A 2019"]
[Site "Charleroi"]
[Date "2019.08.01"]
[Round "7.21"]
[White "Bruno, Ricardo"]
[Black "Moreels, Yves"]
[Result "1-0"]
[ECO "B01"]
[WhiteElo "2007"]
[BlackElo "2079"]
[Annotator "NA"]
[PlyCount "33"]
[EventDate "2019.07.22"]
[EventType "swiss"]
[EventCountry "BEL"]
[SourceTitle "playchess.com"]
[Source "ChessBase"]
[SourceQuality "1"]
[TimeControl "40/5400+30:1800+30"]

1. e4 Nc6 2. Nf3 d5 3. exd5 Qxd5 4. Nc3 Qa5 5. Be2 Bg4 6. O-O O-O-O 7. d3 Nf6 8. Ng5 Be6 9. Nxe6 fxe6 10. Bf3 Nd4 11. Be3 Nf5 12. Qe2 g5 13. Bxa7 Rd6 14. Be3 Rg8 15. Ne4 Ra6 16. Nc5 g4 17. Bxb7+ 1-0

[Event "18th Charleroi Open-A 2019"]
[Site "Charleroi"]
[Date "2019.08.01"]
[Round "7.23"]
[White "Verbist, Julien"]
[Black "Hafner, Christian"]
[Result "1/2-1/2"]
[ECO "B20"]
[WhiteElo "1974"]
[BlackElo "2071"]
[Annotator "NA"]
[PlyCount "40"]
[EventDate "2019.07.22"]
[EventType "swiss"]
[EventCountry "BEL"]
[SourceTitle "playchess.com"]
[Source "ChessBase"]
[SourceQuality "1"]
[TimeControl "40/5400+30:1800+30"]

1. e4 c5 2. Bc4 e6 3. Qe2 Nc6 4. c3 a6 5. d3 Be7 6. Nd2 Nf6 7. Ngf3 b5 8. Bb3 Bb7 9. Nf1 h6 10. Ng3 Qc7 11. O-O O-O 12. Rd1 a5 13. Bd2 a4 14. Bc2 a3 15. b3 b4 16. Rac1 Qa5 17. Bb1 d6 18. d4 Ba6 19. Bd3 Bxd3 20. Qxd3 Qd8 1/2-1/2

[Event "18th Charleroi Open-A 2019"]
[Site "Charleroi"]
[Date "2019.08.01"]
[Round "7.24"]
[White "Roos, David"]
[Black "Godry, Clement"]
[Result "1-0"]
[ECO "B00"]
[WhiteElo "2114"]
[BlackElo "1962"]
[Annotator "NA"]
[PlyCount "53"]
[EventDate "2019.07.22"]
[EventType "swiss"]
[EventCountry "BEL"]
[SourceTitle "playchess.com"]
[Source "ChessBase"]
[SourceQuality "1"]
[TimeControl "40/5400+30:1800+30"]

1. e4 b6 2. d4 Bb7 3. Nc3 e6 4. g3 Nf6 5. Bg2 Be7 6. Nge2 d5 7. e5 Nfd7 8. O-O O-O 9. f4 c5 10. Be3 Nc6 11. Kh1 Rc8 12. g4 Ba6 13. Rf3 f6 14. Bg1 cxd4 15. Nxd4 Nxd4 16. Bxd4 fxe5 17. fxe5 Qc7 18. Rh3 Bc5 19. g5 Bxd4 20. Rxh7 Kxh7 21. Qh5+ Kg8 22. Nxd5 Nf6 23. exf6 exd5 24. Bxd5+ Rf7 25. g6 Bxf6 26. Re1 Be5 27. Rxe5 1-0

[Event "18th Charleroi Open-A 2019"]
[Site "Charleroi"]
[Date "2019.08.01"]
[Round "7.25"]
[White "Vanden Bussche, Steven"]
[Black "Ramacker, Quinten"]
[Result "1-0"]
[ECO "A47"]
[WhiteElo "2061"]
[BlackElo "2006"]
[Annotator "NA"]
[PlyCount "70"]
[EventDate "2019.07.22"]
[EventType "swiss"]
[EventCountry "BEL"]
[SourceTitle "playchess.com"]
[Source "ChessBase"]
[SourceQuality "1"]
[TimeControl "40/5400+30:1800+30"]

1. d4 Nf6 2. Bf4 e6 3. e3 c5 4. c3 b6 5. Nf3 Be7 6. h3 O-O 7. Bd3 Ba6 8. O-O cxd4 9. exd4 Bxd3 10. Qxd3 Nc6 11. Nbd2 Rc8 12. Rfe1 d5 13. Ne5 Na5 14. Qa6 Bd6 15. Bg5 Be7 16. Re3 h6 17. Bh4 Qc7 18. Qe2 Nc6 19. f4 Nd7 20. Qh5 Bxh4 21. Qxh4 f5 22. Nxd7 Qxd7 23. Rae1 Rf6 24. Nf3 Re8 25. Ne5 Nxe5 26. Rxe5 Qb5 27. Qf2 Kf7 28. Kh2 Qc4 29. a3 Qd3 30. R5e3 Qb5 31. g4 fxg4 32. hxg4 g6 33. R1e2 Qc4 34. Qh4 Qc7 35. Re5 Kg8 1-0

[Event "18th Charleroi Open-A 2019"]
[Site "Charleroi"]
[Date "2019.08.01"]
[Round "7.27"]
[White "Godde, Matthias"]
[Black "De Block, Fabio"]
[Result "1/2-1/2"]
[ECO "B10"]
[WhiteElo "1989"]
[BlackElo "2039"]
[Annotator "NA"]
[PlyCount "67"]
[EventDate "2019.07.22"]
[EventType "swiss"]
[EventCountry "BEL"]
[SourceTitle "playchess.com"]
[Source "ChessBase"]
[SourceQuality "1"]
[TimeControl "40/5400+30:1800+30"]

1. e4 c6 2. d3 d5 3. Nd2 e5 4. Ngf3 Bd6 5. d4 exd4 6. exd5 cxd5 7. Nxd4 Nf6 8. Bb5+ Bd7 9. Qe2+ Qe7 10. Bxd7+ Nbxd7 11. Qxe7+ Bxe7 12. Nf5 Bf8 13. O-O O-O-O 14. Nf3 h6 15. Bf4 g6 16. N5d4 Bc5 17. Rad1 Ne4 18. Nb3 g5 19. Nxc5 Ndxc5 20. Be3 Rhe8 21. Bd4 f6 22. Ne1 Nd7 23. f3 Nec5 24. Kf2 b6 25. Nd3 Nxd3+ 26. Rxd3 Ne5 27. Bxe5 Rxe5 28. Rfd1 Kc7 29. c4 Kc6 30. b4 a5 31. a3 axb4 32. axb4 b5 33. c5 Ra8 34. R3d2 1/2-1/2

[Event "18th Charleroi Open-A 2019"]
[Site "Charleroi"]
[Date "2019.08.01"]
[Round "7.28"]
[White "Miulescu, Gabriel"]
[Black "Guion, Geoffrey"]
[Result "1/2-1/2"]
[ECO "B32"]
[WhiteElo "2020"]
[BlackElo "2006"]
[Annotator "NA"]
[PlyCount "86"]
[EventDate "2019.07.22"]
[EventType "swiss"]
[EventCountry "BEL"]
[SourceTitle "playchess.com"]
[Source "ChessBase"]
[SourceQuality "1"]
[TimeControl "40/5400+30:1800+30"]

1. e4 c5 2. Nf3 Nc6 3. d4 cxd4 4. Nxd4 e5 5. Nb5 d6 6. N1c3 a6 7. Na3 b5 8. Nd5 Nge7 9. c3 Nxd5 10. Qxd5 Qc7 11. Be2 Be6 12. Qd3 Be7 13. Qg3 O-O 14. Bh6 Bf6 15. Nc2 Kh8 16. Bd2 Ne7 17. O-O d5 18. exd5 Nxd5 19. Bf3 Rad8 20. Bxd5 Rxd5 21. Be3 Be7 22. Nb4 Bxb4 23. cxb4 f5 24. Bc5 Rfd8 25. Rfe1 f4 26. Qc3 h6 27. h3 Bf5 28. f3 Re8 29. Re2 Rd3 30. Qe1 Re6 31. Rd1 Rxd1 32. Qxd1 Qc6 33. Qd8+ Kh7 34. Rd2 e4 35. Qd5 Qxd5 36. Rxd5 e3 37. Rxf5 e2 38. Bf2 e1=Q+ 39. Bxe1 Rxe1+ 40. Kh2 Ra1 41. a3 Ra2 42. Rxf4 Rxb2 43. Rd4 Rb3 1/2-1/2

[Event "18th Charleroi Open-A 2019"]
[Site "Charleroi"]
[Date "2019.08.01"]
[Round "7.29"]
[White "Lui, Eric"]
[Black "De Weird, Matthias"]
[Result "0-1"]
[ECO "C61"]
[WhiteElo "1884"]
[BlackElo "2009"]
[Annotator "NA"]
[PlyCount "94"]
[EventDate "2019.07.22"]
[EventType "swiss"]
[EventCountry "BEL"]
[SourceTitle "playchess.com"]
[Source "ChessBase"]
[SourceQuality "1"]
[TimeControl "40/5400+30:1800+30"]

1. e4 e5 2. Nf3 Nc6 3. Bb5 Nd4 4. Nxd4 exd4 5. O-O Bc5 6. d3 Ne7 7. Bg5 O-O 8. f4 f6 9. Bh4 c6 10. Ba4 d5 11. Bb3 Kh8 12. Bf2 a5 13. a4 b5 14. Nd2 b4 15. Nf3 Bg4 16. h3 Bxf3 17. Qxf3 Qd7 18. Rad1 Ba7 19. Rfe1 Rac8 20. Qh5 g6 21. Qh4 Kg7 22. f5 gxf5 23. e5 fxe5 24. Rxe5 Ng6 25. Qg3 f4 26. Qg5 h6 27. Qh5 Nxe5 28. Qxe5+ Kh7 29. Rf1 Rce8 30. Qh5 f3 31. g4 Qf7 32. Qh4 Qf6 33. Qxf6 Rxf6 34. c4 dxc4 35. Bxc4 Re2 36. b3 Bb8 37. Re1 Rxe1+ 38. Bxe1 Bf4 39. Bf2 Be3 40. Ba6 Kg6 41. Bc8 Kg5 42. h4+ Kf4 43. Kf1 Bxf2 44. Kxf2 Rf7 45. Bf5 Re7 46. Be4 Rxe4 47. dxe4 d3 0-1

[Event "18th Charleroi Open-A 2019"]
[Site "Charleroi"]
[Date "2019.08.01"]
[Round "7.30"]
[White "Damlakhi, Mahmoud"]
[Black "Barbier, Astrid"]
[Result "1-0"]
[ECO "A80"]
[WhiteElo "2008"]
[BlackElo "1941"]
[Annotator "NA"]
[PlyCount "99"]
[EventDate "2019.07.22"]
[EventType "swiss"]
[EventCountry "BEL"]
[SourceTitle "playchess.com"]
[Source "ChessBase"]
[SourceQuality "1"]
[TimeControl "40/5400+30:1800+30"]

1. d4 f5 2. Nc3 Nf6 3. Bg5 c6 4. Bxf6 exf6 5. e3 d5 6. Bd3 Bb4 7. Qf3 g6 8. Nge2 Na6 9. a3 Bd6 10. h3 Nc7 11. g4 fxg4 12. hxg4 Kf7 13. O-O-O b5 14. Rh4 b4 15. axb4 Bxb4 16. Rdh1 Kg7 17. Qf4 Ba6 18. Qh6+ Kf7 19. Bxg6+ hxg6 20. Qxh8 Qxh8 21. Rxh8 Rxh8 22. Rxh8 Bf8 23. Nf4 Kg7 24. Rh1 Bc8 25. f3 g5 26. Nh5+ Kg6 27. Ng3 Bd6 28. Nce2 Nb5 29. Rh8 Be6 30. Kd2 Kg7 31. Ra8 Kg6 32. Kd3 c5 33. dxc5 Bxc5 34. Nd4 Nxd4 35. exd4 Bb6 36. b3 Bd7 37. Nf5 Bxf5+ 38. gxf5+ Kxf5 39. c4 dxc4+ 40. bxc4 Ke6 41. c5 Bc7 42. Rxa7 Bf4 43. Kc4 f5 44. d5+ Ke5 45. d6 Ke6 46. Re7+ Kf6 47. Kd5 g4 48. fxg4 fxg4 49. c6 g3 50. Re2 1-0

[Event "18th Charleroi Open-A 2019"]
[Site "Charleroi"]
[Date "2019.08.01"]
[Round "7.31"]
[White "Dugailliez, Guy"]
[Black "Verhalle, Elias"]
[Result "1-0"]
[ECO "C45"]
[WhiteElo "2063"]
[BlackElo "1983"]
[Annotator "NA"]
[PlyCount "43"]
[EventDate "2019.07.22"]
[EventType "swiss"]
[EventCountry "BEL"]
[SourceTitle "playchess.com"]
[Source "ChessBase"]
[SourceQuality "1"]
[TimeControl "40/5400+30:1800+30"]

1. e4 e5 2. Nf3 Nc6 3. d4 exd4 4. Nxd4 Nf6 5. Nxc6 bxc6 6. Bd3 d5 7. e5 Ng4 8. O-O Bc5 9. h3 Nxe5 10. Re1 Qf6 11. Qe2 O-O 12. Qxe5 Bxf2+ 13. Kf1 Bxe1+ 14. Qxf6 gxf6 15. Kxe1 c5 16. b3 Re8+ 17. Kf2 Be6 18. Nd2 Rad8 19. Bb5 Bd7 20. Be2 Bf5 21. c4 dxc4 22. Nxc4 1-0

[Event "18th Charleroi Open-A 2019"]
[Site "Charleroi"]
[Date "2019.08.01"]
[Round "7.32"]
[White "Oupindrin, Narayanin"]
[Black "Dierckens, Sarah"]
[Result "1/2-1/2"]
[ECO "C05"]
[WhiteElo "2056"]
[BlackElo "1770"]
[Annotator "NA"]
[PlyCount "67"]
[EventDate "2019.07.22"]
[EventType "swiss"]
[EventCountry "BEL"]
[SourceTitle "playchess.com"]
[Source "ChessBase"]
[SourceQuality "1"]
[TimeControl "40/5400+30:1800+30"]

1. e4 e6 2. d4 d5 3. Nd2 Nf6 4. Bd3 c5 5. exd5 Nxd5 6. Nb3 cxd4 7. Bb5+ Nd7 8. Nxd4 a6 9. Be2 Bc5 10. Ngf3 b5 11. O-O Bb7 12. Bg5 Qb6 13. Nb3 Bd6 14. a4 h6 15. Bd2 Nf4 16. Bxf4 Bxf4 17. axb5 axb5 18. Rxa8+ Bxa8 19. Qd3 Qc7 20. Nbd4 O-O 21. Nxb5 Qb7 22. Qc4 g5 23. Nbd4 Ne5 24. Qb5 Qxb5 25. Nxb5 Rb8 26. Nfd4 Nd7 27. b3 Be5 28. Rd1 Nc5 29. c4 Bg7 30. b4 Na6 31. Bf3 Bxf3 32. Nxf3 Nxb4 33. g3 Rc8 34. Nd6 1/2-1/2

[Event "18th Charleroi Open-A 2019"]
[Site "Charleroi"]
[Date "2019.08.02"]
[Round "8.1"]
[White "Mirzoev, Azer"]
[Black "Miezis, Normunds"]
[Result "1/2-1/2"]
[ECO "A45"]
[WhiteElo "2474"]
[BlackElo "2495"]
[Annotator "ChessBase"]
[PlyCount "21"]
[EventDate "2019.07.22"]
[EventType "swiss"]
[EventCountry "BEL"]
[SourceTitle "playchess.com"]
[Source "ChessBase"]
[SourceQuality "1"]
[TimeControl "40/5400+30:1800+30"]

1. d4 Nf6 2. Bf4 c5 3. e3 Qb6 4. Nc3 Qxb2 5. Nb5 Nd5 6. Rb1 Qxa2 7. Ra1 Qb2 8. Rb1 Qa2 9. Ra1 Qb2 10. Rb1 Qa2 11. Ra1 1/2-1/2

[Event "18th Charleroi Open-A 2019"]
[Site "Charleroi"]
[Date "2019.08.02"]
[Round "8.2"]
[White "Abdullayev, Elshad"]
[Black "Gutenev, Alexander"]
[Result "0-1"]
[ECO "D77"]
[WhiteElo "2204"]
[BlackElo "2470"]
[Annotator "ChessBase"]
[PlyCount "54"]
[EventDate "2019.07.22"]
[EventType "swiss"]
[EventCountry "BEL"]
[SourceTitle "playchess.com"]
[Source "ChessBase"]
[SourceQuality "1"]
[TimeControl "40/5400+30:1800+30"]

1. Nf3 Nf6 2. g3 b6 3. Bg2 Bb7 4. O-O g6 5. b3 Bg7 6. Bb2 O-O 7. c4 e6 8. d4 d5 9. Nbd2 Na6 10. Rc1 c5 11. dxc5 bxc5 12. Qc2 d4 13. a3 Re8 14. b4 e5 15. b5 Nc7 16. Nb3 Qd6 17. a4 Rad8 18. Ba3 Ne6 19. Nfd2 Bxg2 20. Kxg2 Bh6 21. Rcd1 e4 22. Nxe4 Nxe4 23. Qxe4 Nf4+ 24. Qxf4 Bxf4 25. Rxd4 Qe7 26. Rxf4 g5 27. Bxc5 Qb7+ 0-1

[Event "18th Charleroi Open-A 2019"]
[Site "Charleroi"]
[Date "2019.08.02"]
[Round "8.3"]
[White "Lugovskoy, Maxim"]
[Black "Hoffmeister, Frank"]
[Result "1-0"]
[ECO "B12"]
[WhiteElo "2425"]
[BlackElo "2187"]
[Annotator "NA"]
[PlyCount "125"]
[EventDate "2019.07.22"]
[EventType "swiss"]
[EventCountry "BEL"]
[SourceTitle "playchess.com"]
[Source "ChessBase"]
[SourceQuality "1"]
[TimeControl "40/5400+30:1800+30"]

1. e4 c6 2. d4 d5 3. f3 e6 4. Nc3 Bb4 5. Bd2 Bxc3 6. Bxc3 dxe4 7. Nh3 e3 8. Qd3 Nf6 9. Qxe3 Nd5 10. Qd3 Nxc3 11. Qxc3 O-O 12. O-O-O b6 13. g3 Bb7 14. Bg2 Nd7 15. f4 Qc7 16. Ng5 Nf6 17. h4 c5 18. Bxb7 Qxb7 19. dxc5 Rac8 20. Qf3 Qxf3 21. Nxf3 Rxc5 22. Ne5 Rfc8 23. c3 Nd5 24. Kb1 b5 25. Rhe1 g6 26. h5 R5c7 27. Rd4 Kg7 28. a3 a5 29. g4 gxh5 30. gxh5 Kf6 31. Rg1 Ne3 32. Rd6 b4 33. axb4 axb4 34. cxb4 Nd5 35. b5 Nxf4 36. Nc6 Nd5 37. Rf1+ Kg5 38. Nd8 Rb8 39. Nxf7+ Kxh5 40. Rh1+ Kg6 41. Nd8 Rb6 42. Nc6 Rxb5 43. Rxe6+ Kg5 44. Rc1 Nf4 45. Rg1+ Kh5 46. Rd6 Rc5 47. Rh1+ Kg4 48. Rg1+ Kh5 49. Nb4 Rg5 50. Rh1+ Kg4 51. Rd4 Rf5 52. Nc2 Re7 53. Rc4 Rff7 54. Rg1+ Kf3 55. Rf1+ Kg3 56. Nd4 h5 57. Rc2 Nd5 58. Rg1+ Kh3 59. Rcc1 Rf2 60. Rg5 Nf4 61. Nf5 Ree2 62. Rh1+ Rh2 63. Rg3# 1-0

[Event "18th Charleroi Open-A 2019"]
[Site "Charleroi"]
[Date "2019.08.02"]
[Round "8.4"]
[White "Capone, Nicola"]
[Black "Gurevich, Mikhail"]
[Result "0-1"]
[ECO "B09"]
[WhiteElo "2297"]
[BlackElo "2587"]
[Annotator "ChessBase"]
[PlyCount "58"]
[EventDate "2019.07.22"]
[EventType "swiss"]
[EventCountry "BEL"]
[SourceTitle "playchess.com"]
[Source "ChessBase"]
[SourceQuality "1"]
[TimeControl "40/5400+30:1800+30"]

1. e4 d6 2. d4 Nf6 3. Nc3 g6 4. f4 Bg7 5. Nf3 c5 6. dxc5 Qa5 7. Qd3 Qxc5 8. Be3 Qa5 9. Qb5+ Nc6 10. Qxa5 Nxa5 11. Bb5+ Nc6 12. Nd5 Nxd5 13. exd5 a6 14. Bxc6+ bxc6 15. dxc6 Bf5 16. Bd4 f6 17. Bb6 Rb8 18. Ba5 Rxb2 19. Nd4 Be4 20. f5 gxf5 21. Kd2 Rb8 22. c7 Rc8 23. Rhf1 Bh6+ 24. Kc3 f4 25. Ne6 Rg8 26. Rab1 Bxg2 27. Rb8 Kd7 28. Nc5+ Kc6 29. Rfb1 Kxc5 {[%emt 0:01:10] Kd4+} 0-1

[Event "18th Charleroi Open-A 2019"]
[Site "Charleroi"]
[Date "2019.08.02"]
[Round "8.5"]
[White "Dauw, Sterre"]
[Black "Maerevoet, Sim"]
[Result "1/2-1/2"]
[ECO "B90"]
[WhiteElo "2148"]
[BlackElo "2321"]
[Annotator "NA"]
[PlyCount "95"]
[EventDate "2019.07.22"]
[EventType "swiss"]
[EventCountry "BEL"]
[SourceTitle "playchess.com"]
[Source "ChessBase"]
[SourceQuality "1"]
[TimeControl "40/5400+30:1800+30"]

1. e4 c5 2. Nf3 d6 3. d4 cxd4 4. Nxd4 Nf6 5. Nc3 a6 6. f3 e5 7. Nb3 Be6 8. Be3 Be7 9. Qd2 h5 10. O-O-O Nbd7 11. Kb1 Rc8 12. h3 b5 13. Bd3 h4 14. Rhe1 Nb6 15. f4 Nc4 16. Bxc4 Rxc4 17. Qf2 Qc8 18. f5 Bd7 19. Bg5 b4 20. Bxf6 Bxf6 21. Nd5 Bd8 22. f6 g6 23. Nb6 Bxb6 24. Qxb6 Qc7 25. Rxd6 O-O 26. Qxc7 Rxc7 27. Nd2 Rfc8 28. Nf3 Ba4 29. b3 Bb5 30. Rd2 Rc6 31. Nxe5 Rxf6 32. Nf3 Rf4 33. Nd4 Bf1 34. Kb2 Re8 35. e5 Bxg2 36. Rxg2 Rxd4 37. a3 a5 38. Rge2 Rc8 39. axb4 axb4 40. Re4 Rcd8 41. e6 fxe6 42. Rxe6 Kh7 43. Rb6 Kh6 44. Ree6 Rg8 45. Re5 Rf8 46. Ree6 Rg8 47. Re5 Rf8 48. Ree6 1/2-1/2

[Event "18th Charleroi Open-A 2019"]
[Site "Charleroi"]
[Date "2019.08.02"]
[Round "8.6"]
[White "Verheyen, Olivier"]
[Black "Klinova, Masha"]
[Result "0-1"]
[ECO "B07"]
[WhiteElo "2200"]
[BlackElo "2269"]
[Annotator "NA"]
[PlyCount "83"]
[EventDate "2019.07.22"]
[EventType "swiss"]
[EventCountry "BEL"]
[SourceTitle "playchess.com"]
[Source "ChessBase"]
[SourceQuality "1"]
[TimeControl "40/5400+30:1800+30"]

1. e4 d6 2. d4 Nf6 3. Nc3 e5 4. Nge2 Nc6 5. h3 Be7 6. g4 d5 7. exd5 Nxd5 8. dxe5 Nxc3 9. Qxd8+ Bxd8 10. Nxc3 Nxe5 11. Bg2 O-O 12. O-O c6 13. Ne4 f5 14. Nd6 fxg4 15. Nxc8 Rxc8 16. hxg4 Bb6 17. Be3 Bxe3 18. fxe3 Nxg4 19. Bh3 h5 20. Bxg4 hxg4 21. Kg2 Rcd8 22. Rad1 Rfe8 23. Kg3 Rxe3+ 24. Kxg4 Rxd1 25. Rxd1 Kf7 26. b3 Ke6 27. Rd2 Rc3 28. a4 c5 29. Kf4 c4 30. b4 Ra3 31. a5 Rh3 32. Rg2 Kf6 33. Ke4 g5 34. Kd5 c3 35. b5 Rf3 36. a6 Rf5+ 37. Kc4 b6 38. Rh2 Rc5+ 39. Kd4 g4 40. Rh7 g3 41. Ke3 Rg5 42. Kd4 {[%emt 0:02:12] Ke5+} 0-1

[Event "18th Charleroi Open-A 2019"]
[Site "Charleroi"]
[Date "2019.08.02"]
[Round "8.7"]
[White "Gijsen, Stief"]
[Black "Goormachtigh, Johan"]
[Result "0-1"]
[ECO "D97"]
[WhiteElo "2227"]
[BlackElo "2164"]
[Annotator "ChessBase"]
[PlyCount "152"]
[EventDate "2019.07.22"]
[EventType "swiss"]
[EventCountry "BEL"]
[SourceTitle "playchess.com"]
[Source "ChessBase"]
[SourceQuality "1"]
[TimeControl "40/5400+30:1800+30"]

1. d4 Nf6 2. c4 g6 3. Nc3 d5 4. Nf3 Bg7 5. Qb3 dxc4 6. Qxc4 O-O 7. e4 Na6 8. Be2 c5 9. d5 e6 10. O-O exd5 11. exd5 Bf5 12. Rd1 Re8 13. d6 Bc2 14. Ng5 Qd7 15. Rd2 Bf5 16. h3 h6 17. Nf3 Ne4 18. Rd1 Bxc3 19. bxc3 Nxd6 20. Qd5 Rxe2 21. Qxd6 Qxd6 22. Rxd6 Kg7 23. Be3 Rc2 24. Rxa6 bxa6 25. Bxc5 Be4 26. Bd4+ Kg8 27. Ne5 Rb2 28. Re1 Rb1 29. Rxb1 Bxb1 30. a3 Bf5 31. Nc6 Be4 32. Ne5 h5 33. Nd7 Bd3 34. Nc5 Bc4 35. f4 Re8 36. Be5 Rd8 37. Bd4 Rd6 38. Kf2 Rb6 39. g4 Rb2+ 40. Kg3 hxg4 41. hxg4 Kf8 42. f5 gxf5 43. gxf5 Ke7 44. Kf4 Ra2 45. a4 Bd5 46. Ke5 Bc6 47. f6+ Ke8 48. Kd6 Bxa4 49. Nxa6 Bb3 50. Nb4 Re2 51. Bxa7 Re6+ 52. Kc5 Rxf6 53. Bb8 Rh6 54. Be5 Kd7 55. Nd3 Rc6+ 56. Kb4 Be6 57. Nc5+ Ke7 58. Kb5 Bd7 59. Nxd7 Kxd7 60. c4 Re6 61. Bg3 Re3 62. Bh2 Re2 63. Bg3 f5 64. c5 Rb2+ 65. Kc4 Kc6 66. Kd4 Re2 67. Bd6 Re4+ 68. Kd3 Kd5 69. Bf8 f4 70. Bh6 Re3+ 71. Kd2 Ke4 72. c6 Rd3+ 73. Ke2 Rd6 74. Bg7 Rxc6 75. Bf8 Rc2+ 76. Kf1 Ke5 0-1

[Event "18th Charleroi Open-A 2019"]
[Site "Charleroi"]
[Date "2019.08.02"]
[Round "8.8"]
[White "De Waele, Warre"]
[Black "Anciaux, Marc"]
[Result "0-1"]
[ECO "A45"]
[WhiteElo "2225"]
[BlackElo "2120"]
[Annotator "NA"]
[PlyCount "48"]
[EventDate "2019.07.22"]
[EventType "swiss"]
[EventCountry "BEL"]
[SourceTitle "playchess.com"]
[Source "ChessBase"]
[SourceQuality "1"]
[TimeControl "40/5400+30:1800+30"]

1. d4 Nf6 2. Bg5 e6 3. e4 d5 4. e5 h6 5. Bh4 g5 6. Bg3 Ne4 7. h4 c5 8. hxg5 Nxg3 9. fxg3 Qxg5 10. Bb5+ Nc6 11. Kf2 cxd4 12. Qxd4 Qf5+ 13. Nf3 Qxc2+ 14. Qd2 Bc5+ 15. Kf1 Qxd2 16. Nbxd2 Bd7 17. Nb3 Nxe5 18. Bxd7+ Nxd7 19. Nxc5 Nxc5 20. Rc1 Ne4 21. Rh3 Kd8 22. Ne5 Rh7 23. Rxh6 Rxh6 24. Nxf7+ Kd7 0-1

[Event "18th Charleroi Open-A 2019"]
[Site "Charleroi"]
[Date "2019.08.02"]
[Round "8.9"]
[White "Decrop, Benjamin"]
[Black "De Villers, Mourad"]
[Result "1/2-1/2"]
[ECO "B36"]
[WhiteElo "2183"]
[BlackElo "2140"]
[Annotator "NA"]
[PlyCount "40"]
[EventDate "2019.07.22"]
[EventType "swiss"]
[EventCountry "BEL"]
[SourceTitle "playchess.com"]
[Source "ChessBase"]
[SourceQuality "1"]
[TimeControl "40/5400+30:1800+30"]

1. e4 c5 2. Nf3 g6 3. d4 cxd4 4. Nxd4 Nc6 5. c4 Nf6 6. Nc3 d6 7. f3 Nxd4 8. Qxd4 Bg7 9. Be3 O-O 10. Qd2 Be6 11. Bd3 Qa5 12. Rc1 Rfc8 13. b3 a6 14. Ne2 Qd8 15. O-O h5 16. Kh1 Kh7 17. Bg5 Rc5 18. Be3 Rcc8 19. Bg5 Rc5 20. Be3 Rcc8 1/2-1/2

[Event "18th Charleroi Open-A 2019"]
[Site "Charleroi"]
[Date "2019.08.02"]
[Round "8.11"]
[White "Huynh, Laurent"]
[Black "Van Mechelen, Jan"]
[Result "1/2-1/2"]
[ECO "C00"]
[WhiteElo "2111"]
[BlackElo "2218"]
[Annotator "NA"]
[PlyCount "43"]
[EventDate "2019.07.22"]
[EventType "swiss"]
[EventCountry "BEL"]
[SourceTitle "playchess.com"]
[Source "ChessBase"]
[SourceQuality "1"]
[TimeControl "40/5400+30:1800+30"]

1. e4 c5 2. Nf3 e6 3. d3 d5 4. Nbd2 Nc6 5. g3 Nf6 6. Bg2 Be7 7. O-O O-O 8. Re1 b5 9. e5 Ne8 10. c3 b4 11. c4 Nc7 12. Nf1 a5 13. Bf4 a4 14. h4 Na5 15. Ne3 b3 16. a3 Bb7 17. Rc1 dxc4 18. dxc4 Qxd1 19. Rexd1 Rfd8 20. Ng5 Bxg2 21. Kxg2 Nc6 22. Ne4 1/2-1/2

[Event "18th Charleroi Open-A 2019"]
[Site "Charleroi"]
[Date "2019.08.02"]
[Round "8.12"]
[White "Roger, Mehdi"]
[Black "Van Malder, Dries"]
[Result "1/2-1/2"]
[ECO "B67"]
[WhiteElo "2125"]
[BlackElo "2178"]
[Annotator "ChessBase"]
[PlyCount "55"]
[EventDate "2019.07.22"]
[EventType "swiss"]
[EventCountry "BEL"]
[SourceTitle "playchess.com"]
[Source "ChessBase"]
[SourceQuality "1"]
[TimeControl "40/5400+30:1800+30"]

1. e4 c5 2. Nf3 Nc6 3. d4 cxd4 4. Nxd4 Nf6 5. Nc3 d6 6. Bg5 e6 7. Qd2 a6 8. O-O-O Bd7 9. f4 b5 10. Bxf6 gxf6 11. Kb1 Qb6 12. Nxc6 Bxc6 13. f5 Qc5 14. Bd3 O-O-O 15. Rhf1 Be7 16. Ne2 Rdg8 17. g3 h5 18. Nf4 Qe5 19. Qa5 Kb7 20. Qb4 h4 21. fxe6 fxe6 22. Qb3 Bd7 23. Bc4 Bc6 24. Bd3 hxg3 25. hxg3 Rxg3 26. Qxe6 Bd8 27. Qf7+ Kb8 28. Nd5 1/2-1/2

[Event "18th Charleroi Open-A 2019"]
[Site "Charleroi"]
[Date "2019.08.02"]
[Round "8.13"]
[White "Ghyselen, Wouter"]
[Black "Manafov, Vugar"]
[Result "1/2-1/2"]
[ECO "E08"]
[WhiteElo "2078"]
[BlackElo "2175"]
[Annotator "NA"]
[PlyCount "65"]
[EventDate "2019.07.22"]
[EventType "swiss"]
[EventCountry "BEL"]
[SourceTitle "playchess.com"]
[Source "ChessBase"]
[SourceQuality "1"]
[TimeControl "40/5400+30:1800+30"]

1. d4 Nf6 2. c4 e6 3. g3 Bb4+ 4. Bd2 a5 5. Bg2 d5 6. Nf3 Nbd7 7. O-O c6 8. Qc2 O-O 9. Bf4 Be7 10. Nbd2 Nh5 11. Rfd1 g5 12. Be3 f5 13. Nb1 g4 14. Ne1 f4 15. Bc1 Bd6 16. e4 f3 17. Bf1 dxc4 18. e5 Bb8 19. Bxc4 Nb6 20. Bf1 Qe8 21. Bh6 Ng7 22. Bd3 Qh5 23. Qd2 Rd8 24. Qg5 Qxg5 25. Bxg5 Rxd4 26. Be3 Rb4 27. Nc2 Rxb2 28. Bd4 Na4 29. Nba3 c5 30. Bxb2 Nxb2 31. Rd2 Nxd3 32. Rxd3 Bxe5 33. Rd8+ 1/2-1/2

[Event "18th Charleroi Open-A 2019"]
[Site "Charleroi"]
[Date "2019.08.02"]
[Round "8.14"]
[White "Partoens, Remi"]
[Black "Lacroix, Bruno"]
[Result "0-1"]
[ECO "B07"]
[WhiteElo "1957"]
[BlackElo "2152"]
[Annotator "NA"]
[PlyCount "89"]
[EventDate "2019.07.22"]
[EventType "swiss"]
[EventCountry "BEL"]
[SourceTitle "playchess.com"]
[Source "ChessBase"]
[SourceQuality "1"]
[TimeControl "40/5400+30:1800+30"]

1. e4 c5 2. c3 d6 3. d4 Nf6 4. Bd3 g6 5. Nf3 Bg7 6. O-O O-O 7. h3 Nfd7 8. Be3 Nc6 9. Qd2 a6 10. Bh6 b5 11. Na3 Qc7 12. Rae1 c4 13. Bb1 e5 14. d5 Ne7 15. Bxg7 Kxg7 16. Nc2 Ng8 17. Ne3 Ngf6 18. Nh4 Kh8 19. Ng4 Nxg4 20. hxg4 Nf6 21. f3 Qe7 22. g3 Kg7 23. Re2 h6 24. Rh2 Rh8 25. Kg2 Bd7 26. Rfh1 Rab8 27. g5 hxg5 28. Qxg5 Nxd5 29. Qd2 Nc7 30. Rd1 Be6 31. Qxd6 Qxd6 32. Rxd6 Rbd8 33. Rxd8 Rxd8 34. g4 a5 35. Kg3 f6 36. a3 Na6 37. f4 exf4+ 38. Kf3 g5 39. Nf5+ Bxf5 40. gxf5 Nc5 41. e5 fxe5 42. Kg4 Rd1 43. Bc2 Rg1+ 44. Kh5 e4 45. Re2 0-1